 Dungeon Crawl Stone Soup version 0.20-a0-548-g4f8a798 (webtiles) character file.

527 krabocopter the Cleaver (level 7, -11/57 HPs)
             Began as a Hill Orc Fighter on Feb 1, 2017.
             Killed from afar by Dowan (17 damage)
             ... with a stone arrow
             ... on level 5 of the Dungeon.
             The game lasted 00:12:13 (3726 turns).

krabocopter the Cleaver (Hill Orc Fighter)          Turns: 3726, Time: 00:12:13

Health: -11/57     AC:  0    Str: 24    XL:     7   Next: 23%
Magic:  7/7        EV: 17    Int:  8    God:
Gold:   216        SH:  0    Dex: 17    Spells: 6/6 levels left

rFire    . . .     SeeInvis .   (weapon currently unavailable)
rCold    . . .     Gourm    .   (armour currently unavailable)
rNeg     . . .     Faith    .   (shield currently unavailable)
rPois    .         Spirit   .   (helmet currently unavailable)
rElec    .         Reflect  .   (cloak currently unavailable)
rCorr    .         Harm     .   (gloves currently unavailable)
MR       .....                  (boots currently unavailable)
Stlth    ++........             (no amulet)
Regen    0.2/turn               (ring currently unavailable)
                                (ring currently unavailable)

@: mighty, bat-form, flying, very quick
A: no striking features
a: no special abilities


You were on level 5 of the Dungeon.
You were not hungry.
You were in bat-form.
You visited 2 branches of the dungeon, and saw 6 of its levels.

You collected 300 gold pieces.
You spent 84 gold pieces at shops.

Inventory:

Hand Weapons
 a - a +0 war axe (melded)
Armour
 b - a +0 scale mail (melded)
 c - a +0 shield
 l - a +0 pair of gloves (melded)
 v - a +0 helmet (melded)
Jewellery
 u - a ring of protection from cold (melded)
 y - a ring of stealth (melded)
Wands
 w - a wand of digging (11/24)
 C - a wand of disintegration (18/24)
Scrolls
 g - 3 scrolls of teleportation {unknown}
 m - a scroll of enchant armour {unknown}
 n - 4 scrolls of identify {unknown}
 o - a scroll of magic mapping {unknown}
 q - 4 scrolls of remove curse
 r - a scroll of fear {unknown}
 z - a scroll of amnesia {unknown}
 A - a scroll of fog {unknown}
 E - a scroll of recharging {unknown}
Potions
 e - 2 potions of magic {unknown}
 h - a potion of heal wounds {unknown}
 i - a potion of cancellation {unknown}
 j - a potion of lignification
 p - a potion of brilliance {unknown}
 s - 3 potions of curing
 t - a potion of degeneration {unknown}
 x - a potion of flight {unknown}
 B - a potion of invisibility {unknown}
Books
 F - a book of Minor Magic

   Spells                             Type                      Level
   a - Magic Dart                     Conjuration                  1
   b - Blink                          Translocation                2
   c - Call Imp                       Summoning                    2
   d - Repel Missiles                 Charms/Air                   2
   e - Slow                           Hexes                        2
   f - Conjure Flame                  Conjuration/Fire             3
   g - Mephitic Cloud                 Conjuration/Poison/Air       3
Comestibles
 f - 6 bread rations
 k - 3 meat rations


   Skills:
 - Level 3.6 Fighting
 + Level 10.0 Axes
 - Level 3.2 Armour
 - Level 3.2 Shields


You had 6 spell levels left.
You didn't know any spells.

Dungeon Overview and Level Annotations

Branches:
Dungeon (5/15)             Temple (1/1) D:4

Altars:
Dithmenos
Elyvilon
Fedhas
Gozag
Hepliaklqana
Kikubaaqudgha
Makhleb
Nemelex Xobeh
Okawaru
Ru
Uskayaw
Vehumet
Yredelemnul
Zin
The Shining One

Shops:
D:4 *

Annotations:
D:5 Dowan


Message History

You closely miss Dowan.
Dowan is lightly wounded.
Dowan hits you with a dagger of holy wrath.
* * * LOW HITPOINT WARNING * * *
Okay, then.
You feel very mighty all of a sudden. Dowan closely misses you.
You hit Dowan.
Dowan is lightly wounded.
Dowan closely misses you. Dowan gestures at you while chanting.
The shard of ice hits you!
* * * LOW HITPOINT WARNING * * *
It was a potion of curing.
You feel better.
Dowan hits you with a dagger of holy wrath.
* * * LOW HITPOINT WARNING * * *
It was a potion of lignification.
You feel woody for a moment. Dowan gestures at you while chanting.
The stone arrow hits you!
You die...

#.# #.# #.#
#.# #.# #.# #
#.#########.#
#.)......be.#
#############


You could see Dowan.

Vanquished Creatures
  Duvessa (D:5)
  A bullfrog (D:4)
  A scorpion (D:4)
  A crimson imp (D:4)
  A hound (D:4)
  An iguana (D:4)
  An orc wizard (D:4)
  2 worker ants (D:4)
  2 hound skeletons (D:4)
  4 adders
  A white imp (D:4)
  An adder skeleton (D:4)
  2 worms (D:2)
  A dart slug (D:4)
  2 orcs
  7 bats
  A giant cockroach (D:2)
  4 goblins
  8 hobgoblins
  3 jackals (D:3)
  5 kobolds
  4 quokkas
  A ball python skeleton (D:4)
  4 frilled lizards
  A goblin skeleton (D:4)
  2 goblin zombies (D:4)
  3 hobgoblin zombies (D:4)
  A jackal skeleton (D:4)
  A kobold skeleton (D:4)
  3 orc zombies (D:4)
  A quokka skeleton (D:4)
  6 rats
77 creatures vanquished.

Notes
Turn   | Place    | Note
-------+----------+-------------------------------------------
     0 | D:1      | krabocopter the Hill Orc Fighter began the quest for the Orb.
     0 | D:1      | Reached XP level 1. HP: 19/19 MP: 1/1
    67 | D:1      | Reached skill level 3 in Axes
   142 | D:1      | Reached XP level 2. HP: 26/26 MP: 2/2
   351 | D:1      | Reached skill level 4 in Axes
   816 | D:2      | Reached XP level 3. HP: 31/31 MP: 3/3
   875 | D:2      | Found a basalt altar of Yredelemnul.
   875 | D:2      | Found an opulent altar of Gozag.
   875 | D:2      | Found a sacrificial altar of Ru.
  1192 | D:3      | Reached skill level 5 in Axes
  1617 | D:3      | Reached XP level 4. HP: 38/39 MP: 4/4
  2183 | D:4      | Reached skill level 6 in Axes
  2183 | D:4      | Reached XP level 5. HP: 36/45 MP: 5/5
  2189 | D:4      | Reached skill level 7 in Axes
  2452 | D:4      | Reached skill level 8 in Axes
  2487 | D:4      | Reached XP level 6. HP: 32/51 MP: 6/6
  2785 | D:4      | Found a staircase to the Ecumenical Temple.
  2794 | Temple   | Entered the Ecumenical Temple
  3080 | D:4      | Found a glowing golden altar of the Shining One.
  3127 | D:4      | Reached skill level 9 in Axes
  3176 | D:4      | Found Visud's General Store.
  3189 | D:4      | Bought 2 scrolls of remove curse for 84 gold pieces
  3359 | D:4      | Found a burning altar of Makhleb.
  3681 | D:5      | Entered Level 5 of the Dungeon
  3689 | D:5      | Noticed Duvessa
  3689 | D:5      | Noticed Dowan
  3711 | D:5      | Killed Duvessa
  3711 | D:5      | Reached skill level 10 in Axes
  3711 | D:5      | Reached XP level 7. HP: 47/57 MP: 7/7
  3724 | D:5      | HP: 1/57 [Dowan/shard of ice (10)]
  3726 | D:5      | Killed from afar by Dowan

Vault maps used:
D:1:      dpeg_arrival_rooms_c, minmay_splitting_lines, minmay_door_square
D:2:      gammafunk_temple_overflow_claw
D:3:      first_bread
D:4:      minmay_opposing_rooms, nicolae_tso_besieged_by_evil,
          makhleb_grotto_becter, minmay_temple_entry_glassed_door, serial_shops,
          nicolae_shop_competitors_out_of_business, st_stairs_10
D:5:      portal_sewer_entry_d, serial_glass, glass_columns_a, glass_columns_c,
          uniq_eustachio, uniq_duvessa
Temple:   jpeg_temple_alley_garden

Skill      XL: |  1  2  3  4  5  6 |
---------------+-------------------+-----
Axes           | 3 4 5 6 8 10 | 10.0
Fighting       | |  3.6
Armour         | |  3.2
Shields        | |  3.2

Action                   |  1- 3 |  4- 6 |  7- 9 || total
-------------------------+-------+-------+-------++-------
Melee: War axe           |   123 |   129 |       ||   252
       Unarmed           |       |     1 |     6 ||     7
  Use: Potion            |       |       |     3 ||     3
  Eat: Chunk             |     2 |     7 |       ||     9
Armor: Scale mail        |    89 |    51 |       ||   140
Dodge: Dodged            |    75 |    42 |     5 ||   122
Block: Shield            |    15 |    43 |       ||    58
